CAL (WIN)
LAKE ELSINORE STORM @ PALM BEACH CARDINALS
12/06/2046
 
TOP OF THE 1ST
Lake Elsinore Storm batting - Pitching for Palm Beach Cardinals : RHP Ricky Yerzy
Pitching: RHP Ricky Yerzy
Batting: LHB Ramon Vega 0-0: Called Strike
0-1: Ground out 1-3 (Groundball, 34S, EV 70.0 MPH)
Batting: RHB Hector Fernandez 0-0: Ball
1-0: Ball
2-0: Ground out 2-3 (Groundball, 15S, EV 65.0 MPH)
Batting: LHB Carlos Cuellar 0-0: Ball
1-0: Called Strike
1-1: Ball
2-1: SINGLE (Groundball, 4MD, EV 101.2 MPH)
Batting: LHB Hugo MacBeth 0-0: Called Strike
0-1: Ball
1-1: Swinging Strike
1-2: Foul Ball, location: 2F
1-2: Foul Ball, location: 2F
1-2: Strikes out swinging
Top of the 1st over - 0 runs, 1 hit, 0 errors, 1 left on base; Lake Elsinore 0 - Palm Beach 0
BOTTOM OF THE 1ST
Palm Beach Cardinals batting - Pitching for Lake Elsinore Storm : RHP Liam Tate
Pitching: RHP Liam Tate
Batting: RHB Ricky Yerzy 0-0: Called Strike
0-1: Foul Ball, location: 2F
0-2: Strikes out swinging
Batting: RHB Kalidas Mishra 0-0: Swinging Strike
0-1: Ball
1-1: Foul Ball, location: 2F
1-2: Strikes out swinging
Batting: RHB Joe Alley 0-0: Ball
1-0: Called Strike
1-1: Foul Ball, location: 2F
1-2: Foul Ball, location: 2F
1-2: SOLO HOME RUN (Flyball, 7D, EV 99.4 MPH), Distance : 413 ft
Batting: SHB Gerardo Macias 0-0: Ball
1-0: Foul Ball, location: 2F
1-1: Called Strike
1-2: Strikes out looking
Bottom of the 1st over - 1 run, 1 hit, 0 errors, 0 left on base; Lake Elsinore 0 - Palm Beach 1
TOP OF THE 2ND
Lake Elsinore Storm batting - Pitching for Palm Beach Cardinals : RHP Ricky Yerzy
Batting: SHB Isaiah Scates 0-0: Ball
1-0: Ball
2-0: Ball
3-0: Base on Balls
Batting: RHB Brian DeVoe 0-0: Foul Ball, location: 2F
0-1: Ball
1-1: 2-RUN HOME RUN (Flyball, 7LD, EV 94.4 MPH), Distance : 347 ft
Batting: RHB Bryan Pitcher 0-0: Called Strike
0-1: Called Strike
0-2: Ball
1-2: Strikes out swinging
Batting: RHB Max Stillo 0-0: Called Strike
0-1: Swinging Strike
0-2: Strikes out swinging
Batting: LHB Conor Barron 0-0: Called Strike
0-1: Swinging Strike
0-2: Hit by Pitch
Batting: LHB Ramon Vega 0-0: Ball
1-0: Fly out, F9 (Flyball, 9, EV 78.8 MPH)
Top of the 2nd over - 2 runs, 1 hit, 0 errors, 1 left on base; Lake Elsinore 2 - Palm Beach 1
BOTTOM OF THE 2ND
Palm Beach Cardinals batting - Pitching for Lake Elsinore Storm : RHP Liam Tate
Batting: RHB Kyle Burns 0-0: Foul Ball, location: 2F
0-1: Called Strike
0-2: Foul Ball, location: 2F
0-2: Strikes out swinging
Batting: RHB Ben Politi 0-0: Ground out 4-3 (Groundball, 4, EV 88.8 MPH)
Batting: RHB Edgar Klockow 0-0: Ground out 5-3 (Groundball, 56S, EV 88.8 MPH)
Bottom of the 2nd over - 0 runs, 0 hits, 0 errors, 0 left on base; Lake Elsinore 2 - Palm Beach 1
TOP OF THE 3RD
Lake Elsinore Storm batting - Pitching for Palm Beach Cardinals : RHP Ricky Yerzy
Batting: RHB Hector Fernandez 0-0: Called Strike
0-1: Ball
1-1: Called Strike
1-2: Strikes out swinging
Batting: LHB Carlos Cuellar 0-0: Ball
1-0: Ball
2-0: Called Strike
2-1: Foul Ball, location: 2F
2-2: Ball
3-2: Ground out 4-3 (Groundball, 4D, EV 80.6 MPH)
Batting: LHB Hugo MacBeth 0-0: Ball
1-0: Ground out U3 (Groundball, 3, EV 91.2 MPH)
Top of the 3rd over - 0 runs, 0 hits, 0 errors, 0 left on base; Lake Elsinore 2 - Palm Beach 1
BOTTOM OF THE 3RD
Palm Beach Cardinals batting - Pitching for Lake Elsinore Storm : RHP Liam Tate
Batting: RHB McGwire Jones 0-0: Called Strike
0-1: Called Strike
0-2: Ball
1-2: Fly out, F9 (Flyball, 89M, EV 88.1 MPH)
Batting: RHB Pablo Nunez 0-0: DOUBLE (Groundball, 5L, EV 101.2 MPH)
Batting: RHB Ricky Yerzy 0-0: Swinging Strike
0-1: Ground out 6-3 (Groundball, P, EV 92.5 MPH)
Pablo Nunez to third
Batting: RHB Kalidas Mishra 0-0: Ground out 6-3 (Groundball, 6, EV 83.1 MPH)
Bottom of the 3rd over - 0 runs, 1 hit, 0 errors, 1 left on base; Lake Elsinore 2 - Palm Beach 1
TOP OF THE 4TH
Lake Elsinore Storm batting - Pitching for Palm Beach Cardinals : RHP Ricky Yerzy
Batting: SHB Isaiah Scates 0-0: Called Strike
0-1: Ball
1-1: Ball
2-1: DOUBLE (Groundball, 3L, EV 98.1 MPH)
Batting: RHB Brian DeVoe 0-0: Ball
1-0: Ground out 6-3 (Groundball, 6, EV 81.9 MPH)
Batting: RHB Bryan Pitcher 0-0: Called Strike
0-1: Swinging Strike
0-2: Strikes out swinging
Batting: RHB Max Stillo 0-0: Called Strike
0-1: Called Strike
0-2: Strikes out swinging
Top of the 4th over - 0 runs, 1 hit, 0 errors, 1 left on base; Lake Elsinore 2 - Palm Beach 1
BOTTOM OF THE 4TH
Palm Beach Cardinals batting - Pitching for Lake Elsinore Storm : RHP Liam Tate
Batting: RHB Joe Alley 0-0: Called Strike
0-1: Ball
1-1: Foul Ball, location: 2F
1-2: Ball
2-2: Fly out, F9 (Flyball, 89M, EV 95.0 MPH)
Batting: SHB Gerardo Macias 0-0: Ball
1-0: Foul Ball, location: 2F
1-1: Ball
2-1: SINGLE (Groundball, 4MD, EV 101.9 MPH)
Batting: RHB Kyle Burns 0-0: Called Strike
0-1: Grounds into double play, 6-4-3 (Groundball, 6D, EV 91.2 MPH)
Bottom of the 4th over - 0 runs, 1 hit, 0 errors, 0 left on base; Lake Elsinore 2 - Palm Beach 1
TOP OF THE 5TH
Lake Elsinore Storm batting - Pitching for Palm Beach Cardinals : RHP Ricky Yerzy
Batting: LHB Conor Barron 0-0: Ball
1-0: Ball
2-0: Ball
3-0: Base on Balls
Batting: LHB Ramon Vega 0-0: Called Strike
0-1: Ground out 6-3 (Groundball, 6M, EV 103.1 MPH)
Conor Barron to second
Batting: RHB Hector Fernandez 0-0: Fly out, F6 (Line Drive, 6M, EV 69.4 MPH)
Lined into DP, U6 (Line Drive, 6M, EV 71.2 MPH)
Top of the 5th over - 0 runs, 0 hits, 0 errors, 0 left on base; Lake Elsinore 2 - Palm Beach 1
BOTTOM OF THE 5TH
Palm Beach Cardinals batting - Pitching for Lake Elsinore Storm : RHP Liam Tate
Batting: RHB Ben Politi 0-0: Called Strike
0-1: Swinging Strike
0-2: Ball
1-2: Strikes out looking
Batting: RHB Edgar Klockow 0-0: Called Strike
0-1: Swinging Strike
0-2: Strikes out swinging
Batting: RHB McGwire Jones 0-0: Called Strike
0-1: Ball
1-1: Ball
2-1: Foul Ball, location: 2F
2-2: Strikes out swinging
Bottom of the 5th over - 0 runs, 0 hits, 0 errors, 0 left on base; Lake Elsinore 2 - Palm Beach 1
TOP OF THE 6TH
Lake Elsinore Storm batting - Pitching for Palm Beach Cardinals : RHP Ricky Yerzy
Batting: LHB Carlos Cuellar 0-0: Called Strike
0-1: Ball
1-1: Ball
2-1: Foul Ball, location: 2F
2-2: Ball
3-2: Strikes out looking
Batting: LHB Hugo MacBeth 0-0: Ball
1-0: Foul Ball, location: 2F
1-1: Ground out 6-3 (Groundball, 6, EV 102.5 MPH)
Batting: SHB Isaiah Scates 0-0: Ball
1-0: Foul Ball, location: 2F
1-1: Ball
2-1: Called Strike
2-2: Ball
3-2: Foul Ball, location: 2F
3-2: Foul Ball, location: 2F
3-2: SINGLE (Groundball, 4D, EV 102.5 MPH)
Batting: RHB Brian DeVoe 0-0: Ground out 6-3 (Groundball, 4MS, EV 83.8 MPH)
Top of the 6th over - 0 runs, 1 hit, 0 errors, 1 left on base; Lake Elsinore 2 - Palm Beach 1
BOTTOM OF THE 6TH
Palm Beach Cardinals batting - Pitching for Lake Elsinore Storm : RHP Liam Tate
Batting: RHB Pablo Nunez 0-0: Swinging Strike
0-1: Foul Ball, location: 2F
0-2: Ball
1-2: Ball
2-2: Foul Ball, location: 2F
2-2: DOUBLE (Flyball, 78D, EV 97.5 MPH)
Batting: RHB Ricky Yerzy 0-0: Called Strike
0-1: Ball
1-1: Ground out U3 (Groundball, 3, EV 85.0 MPH)
Pablo Nunez to third
Batting: RHB Kalidas Mishra 0-0: Ball
1-0: Called Strike
1-1: Ball
2-1: Swinging Strike
2-2: Ball
3-2: Foul Ball, location: 2F
3-2: DOUBLE (Line Drive, 89D, EV 108.8 MPH)
Pablo Nunez scores
Batting: RHB Joe Alley 0-0: Intentional Walk
Batting: SHB Gerardo Macias 0-0: Ball
1-0: Ball
2-0: Fly out, F9 (Flyball, 9, EV 95.0 MPH)
Batting: RHB Kyle Burns 0-0: Swinging Strike
0-1: DOUBLE (Line Drive, 7LS, EV 93.1 MPH)
Kalidas Mishra scores
Joe Alley to third
Batting: RHB Ben Politi 0-0: Intentional Walk
Batting: RHB Edgar Klockow 0-0: Called Strike
0-1: Ball
1-1: Swinging Strike
1-2: Ball
2-2: Foul Ball, location: 2F
2-2: Foul Ball, location: 2F
2-2: Strikes out swinging
Bottom of the 6th over - 2 runs, 3 hits, 0 errors, 3 left on base; Lake Elsinore 2 - Palm Beach 3
TOP OF THE 7TH
Lake Elsinore Storm batting - Pitching for Palm Beach Cardinals : RHP Ricky Yerzy
Batting: RHB Bryan Pitcher 0-0: Called Strike
0-1: Swinging Strike
0-2: Ball
1-2: Ball
2-2: Strikes out swinging
Pinch Hitting: LHB Tony Contreras 0-0: Ball
1-0: Ball
2-0: Ball
3-0: Base on Balls
Batting: LHB Conor Barron 0-0: Ball
1-0: Ball
2-0: Swinging Strike
Passed Ball!
Tony Contreras to second
2-1: Ball
3-1: Foul Ball, location: 2F
3-2: Foul Ball, location: 2F
3-2: Strikes out swinging, 2-3 out at first.
Batting: LHB Ramon Vega 0-0: Ball
1-0: Ball
Wild Pitch!
Tony Contreras to third
2-0: Ball
3-0: Base on Balls
Pitching: RHP Tony Casey
Batting: RHB Hector Fernandez 0-0: Called Strike
0-1: Ball
1-1: Swinging Strike
1-2: Strikes out swinging
Top of the 7th over - 0 runs, 0 hits, 0 errors, 2 left on base; Lake Elsinore 2 - Palm Beach 3
BOTTOM OF THE 7TH
Palm Beach Cardinals batting - Pitching for Lake Elsinore Storm : RHP Liam Tate
Pitching: RHP Eric Busby
Now at 3B: Rogelio Nunez
Batting: RHB McGwire Jones 0-0: Ball
1-0: Ball
2-0: Called Strike
2-1: Called Strike
2-2: Strikes out looking
Batting: RHB Pablo Nunez 0-0: Called Strike
0-1: Ball
1-1: Foul Ball, location: 2F
1-2: Strikes out swinging
Batting: RHB Ricky Yerzy 0-0: Ball
1-0: Ball
2-0: Called Strike
2-1: Ball
3-1: Fly out, F8 (Flyball, 8RD, EV 90.6 MPH)
Bottom of the 7th over - 0 runs, 0 hits, 0 errors, 0 left on base; Lake Elsinore 2 - Palm Beach 3
TOP OF THE 8TH
Lake Elsinore Storm batting - Pitching for Palm Beach Cardinals : RHP Tony Casey
Batting: LHB Carlos Cuellar 0-0: Swinging Strike
0-1: Ball
1-1: Foul Ball, location: 2F
1-2: DOUBLE (Line Drive, 3D, EV 96.9 MPH)
Batting: LHB Hugo MacBeth 0-0: Ball
1-0: Ball
2-0: Ball
3-0: Called Strike
3-1: Called Strike
3-2: Fly out, F4 (Popup, 34, EV 56.9 MPH)
Batting: SHB Isaiah Scates 0-0: Ball
1-0: Called Strike
1-1: Ball
2-1: Ball
3-1: Swinging Strike
3-2: Strikes out swinging
Batting: RHB Brian DeVoe 0-0: Ball
1-0: Ground out 1-3 (Groundball, 13S, EV 67.5 MPH)
Top of the 8th over - 0 runs, 1 hit, 0 errors, 1 left on base; Lake Elsinore 2 - Palm Beach 3
BOTTOM OF THE 8TH
Palm Beach Cardinals batting - Pitching for Lake Elsinore Storm : RHP Eric Busby
Batting: RHB Kalidas Mishra 0-0: Ball
1-0: Fly out, F8 (Line Drive, 8LM, EV 87.5 MPH)
Batting: RHB Joe Alley 0-0: Foul Ball, location: 2F
0-1: Foul Ball, location: 2F
0-2: Ground out 6-3 (Groundball, 6, EV 81.9 MPH)
Batting: SHB Gerardo Macias 0-0: Ball
1-0: Foul Ball, location: 2F
1-1: Foul Ball, location: 2F
1-2: Ball
2-2: Strikes out swinging
Bottom of the 8th over - 0 runs, 0 hits, 0 errors, 0 left on base; Lake Elsinore 2 - Palm Beach 3
TOP OF THE 9TH
Lake Elsinore Storm batting - Pitching for Palm Beach Cardinals : RHP Tony Casey
Pitching: RHP Pabiyan Vetlitsky
Now at 2B: Kyle Burns
Now at SS: Sam Daw
Now in LF: Pablo Nunez
Now in CF: McGwire Jones
Now in RF: Edgar Klockow
Batting: RHB Bryan Pitcher 0-0: Ball
1-0: Called Strike
1-1: Swinging Strike
1-2: Ball
2-2: Foul Ball, location: 2F
2-2: Strikes out swinging
Batting: LHB Rogelio Nunez 0-0: Swinging Strike
0-1: Called Strike
0-2: Foul Ball, location: 2F
0-2: Ball
1-2: Strikes out swinging
Batting: LHB Conor Barron 0-0: Called Strike
0-1: SINGLE (Groundball, 34D, EV 95.6 MPH)
Pinch Runner at 1st Yutaro Takahashi:
Batting: LHB Ramon Vega 0-0: Ball
1-0: Ball
2-0: SINGLE (Groundball, P, EV 86.2 MPH) (infield hit)
Yutaro Takahashi to second
Batting: RHB Hector Fernandez 0-0: Ball
1-0: 3-RUN HOME RUN (Flyball, 7LD, EV 91.2 MPH), Distance : 348 ft
Batting: LHB Carlos Cuellar 0-0: Called Strike
0-1: Fly out, F3 (Line Drive, 3L, EV 66.9 MPH)
Top of the 9th over - 3 runs, 3 hits, 0 errors, 0 left on base; Lake Elsinore 5 - Palm Beach 3
BOTTOM OF THE 9TH
Palm Beach Cardinals batting - Pitching for Lake Elsinore Storm : RHP Eric Busby
Pitching: LHP Ismael Diaz
Now at 1B: Yutaro Takahashi
Now in CF: Dave McBain
Now in RF: Ramon Vega
Batting: RHB Kyle Burns 0-0: Ball
1-0: Fly out, F7 (Flyball, 7LS, EV 83.8 MPH)
Batting: RHB Ben Politi 0-0: Called Strike
0-1: Foul Ball, location: 2F
0-2: Strikes out looking
Pinch Hitting: RHB Josh Lyon 0-0: Ball
1-0: Ball
2-0: Foul Ball, location: 2F
2-1: Ball
3-1: Fly out, F5 (Line Drive, 5L, EV 68.1 MPH)
Bottom of the 9th over - 0 runs, 0 hits, 0 errors, 0 left on base; Lake Elsinore 5 - Palm Beach 3
Tuesday, September 13th , 2022 - OOTP Baseball 23.7 Build 88